Map: Vaani Research Station (Void)

Players

Classic

  • Race: Protoss Protoss
  • Spawn Location: 12:00

INnoVation - Winner!

  • Race: Terran Terran
  • League: Grandmaster
  • Spawn Location: 6:00

VOD

Have the link to the VOD?

Description

Time

  • Played on: Dec. 2, 2016, 9:02 a.m.
  • Length: 16:33
Show
View Real Time Build Order
Export as new Build Order

Classic Protoss 

Build Orders: Oracle Opening 

Get SALT Encoding   

  12  0:00  Probe (Chrono Boost)  
  13  0:11  Probe (Chrono Boost)  
  14  0:19  Pylon  
  14  0:22  Probe (Chrono Boost)  
  15  0:37  Probe (Chrono Boost), Gateway  
  16  0:44  Assimilator  
  16  0:48  Probe (Chrono Boost)  
  17  0:52  Assimilator  
  17  0:58  Probe (Chrono Boost)  
  18  1:09  Probe (Chrono Boost)  
  19  1:19  Probe (Chrono Boost)  
  19  1:24  Cybernetics Core  
  20  1:30  Probe (Chrono Boost)  
  21  1:34  Pylon  
  21  1:40  Probe (Chrono Boost)  
  22  1:51  Probe (Chrono Boost)  
  23  2:00  Stargate  
  23  2:02  Mothership Core (Chrono Boost)  
  23  2:04  Adept (Chrono Boost)  
  27  2:13  Warp Gate  
  27  2:20  Pylon  
  27  2:23  Probe  
  28  2:30  Adept (Chrono Boost)  
  31  2:41  Pylon  
  30  2:44  Oracle (Chrono Boost)  
  33  2:53  Pylon  
  33  3:16  Oracle (Chrono Boost)  
  33  3:17  Probe  
  37  3:30  Probe  
  36  3:42  Probe, Nexus  
  40  3:55  Probe  
  41  4:02  Phoenix (Chrono Boost)  
  37  4:07  Probe  
  38  4:11  Gateway  
  38  4:19  Probe  
  38  4:20  Gateway  
  38  4:24  Phoenix (Chrono Boost)  
  41  4:32  Probe  
  42  4:44  Probe  
  40  4:49  Phoenix (Chrono Boost)  
  42  4:54  Probe  
  42  4:55  Robotics Facility  
  42  4:56  Probe  
  44  5:02  Stalker  
  46  5:08  Probe (Chrono Boost)  
  46  5:09  Probe (Chrono Boost)  
  48  5:15  Pylon  
  48  5:20  Probe (Chrono Boost)  
  49  5:26  Stalker x2  
  53  5:30  Probe (Chrono Boost)  
  53  5:33  Probe (Chrono Boost)  
  55  5:36  Pylon  
  55  5:42  Probe (Chrono Boost)  
  54  5:43  Probe (Chrono Boost)  
  54  5:46  Twilight Council  
  54  5:47  Warp Prism (Chrono Boost)  
  57  5:52  Pylon  
  57  5:55  Assimilator  
  57  5:56  Probe  
  58  5:58  Sentry  
  58  5:59  Probe, Sentry  
  63  6:08  Probe  
  63  6:09  Probe  
  65  6:14  Adept  
  65  6:15  Assimilator  
  67  6:18  Pylon  
  67  6:20  Forge  
  67  6:21  Adept  
  67  6:23  Adept  
  67  6:24  Blink (Chrono Boost)  
  71  6:34  Probe  
  71  6:35  Probe  
  73  6:40  Pylon  
  73  6:44  Probe  
  73  6:46  Observer  
  74  6:47  Probe  
  75  7:00  Nexus  
  75  7:03  Pylon  
  75  7:04  Adept x2  
  77  7:15  Probe  
  77  7:16  Probe  
  77  7:22  Stalker  
  77  7:24  Protoss Ground Weapons Level 1 (Chrono Boost)  
  77  7:28  Probe  
  72  7:30  Stalker x2  
  72  7:33  Immortal (Chrono Boost)  
  78  7:45  Gateway  
  78  7:47  Gateway  
  78  7:57  Adept x3  
  84  8:06  Gateway  
  84  8:10  Pylon  
  84  8:12  Immortal (Chrono Boost)  
  88  8:17  Sentry  
  88  8:18  Adept x2  
  94  8:20  Photon Cannon  
  94  8:30  Probe  
  94  8:31  Probe  
  94  8:32  Probe  
  93  8:45  Stalker x3  
  93  8:48  Immortal (Chrono Boost)  
  93  9:02  Adept  
  93  9:03  Adept x2  
  99  9:14  Adept x3  
  85  9:23  Sentry x3  
  85  9:37  Stalker x2  
  85  9:41  Observer (Chrono Boost)  
  85  9:45  Stalker  
  88  9:50  Stalker x2  
  89  10:02  Adept x3  
  89  10:29  Stalker x2  
  89  10:30  Zealot x2  
  87  10:37  Stalker x2  
  91  10:52  Resonating Glaives  
  91  11:02  Stalker x2  
  93  11:05  Pylon  
  93  11:06  Pylon  
  93  11:08  Observer (Chrono Boost)  
  93  11:09  Pylon  
  92  11:28  Adept x6  
  98  11:48  Stalker x3  
  98  11:49  Stalker x3  
  71  12:19  Stalker x3  
  71  12:20  Stalker x3  
  75  12:39  Nexus  
  71  12:59  Sentry x4  
  71  13:00  Stalker x2  
  71  13:05  Probe x2 (Chrono Boost)  
  85  13:16  Probe x2 (Chrono Boost)  
  87  13:25  Stalker x2  
  87  13:26  Stalker  
  93  13:32  Protoss Ground Armor Level 1  
  93  13:34  Stalker  
  93  13:38  Stalker  
  97  13:44  Observer (Chrono Boost)  
  98  14:05  Adept x2, Stalker x2  
  106  14:16  Assimilator  
  106  14:19  Pylon  
  106  14:29  Stalker x2  
  106  14:31  Adept x3  
  116  14:44  Adept  
  118  14:47  Immortal (Chrono Boost)  
  122  15:00  Pylon  
  122  15:04  Pylon  
  124  15:21  Immortal (Chrono Boost)  
  124  15:23  Adept x6  
  136  15:31  Pylon  
  136  15:51  Nexus  
  136  15:59  Stalker x2  
  136  16:00  Stalker x3  
Show
View Real Time Build Order
Export as new Build Order

INnoVation Terran - Winner!

Build Orders: Reaper Expand, MMM Bio 

Get SALT Encoding   

  12  0:00  SCV  
  13  0:12  SCV  
  14  0:17  Supply Depot  
  14  0:25  SCV  
  15  0:29  Refinery  
  15  0:39  SCV  
  16  0:45  Barracks  
  16  0:51  SCV  
  17  1:03  SCV  
  18  1:15  SCV  
  19  1:31  Orbital Command  
  19  1:32  Reaper  
  20  1:46  Command Center  
  20  1:56  Factory  
  20  1:59  SCV  
  21  2:06  Barracks Reactor  
  21  2:10  Refinery  
  21  2:12  SCV  
  22  2:16  Supply Depot  
  22  2:24  SCV  
  23  2:38  SCV  
  23  2:39  Widow Mine  
  23  2:42  Bunker  
  23  2:43  Marine x2  
  28  2:48  Starport  
  28  2:59  Orbital Command  
  28  3:02  Marine  
  28  3:03  Marine  
  30  3:07  Widow Mine  
  32  3:17  SCV  
  33  3:21  Marine  
  33  3:22  Marine  
  33  3:24  Viking  
  32  3:37  SCV  
  30  3:45  Supply Depot  
  30  3:46  Supply Depot  
  30  3:49  Factory Tech Lab  
  30  3:59  Marine, SCV  
  30  4:02  Marine  
  30  4:32  Marine, SCV  
  30  4:37  Marine  
  30  4:40  SCV  
  29  4:50  Marine  
  30  4:57  Supply Depot  
  30  5:07  Marine, SCV x2  
  30  5:10  Marine  
  34  5:16  Starport Tech Lab  
  34  5:17  Barracks  
  34  5:20  SCV x2, Barracks  
  36  5:22  Factory Reactor  
  36  5:25  Marine  
  36  5:28  Marine  
  36  5:29  Engineering Bay  
  36  5:32  SCV x2  
  39  5:44  SCV x2  
  39  5:46  Marine  
  39  5:47  Marine  
  43  5:54  Terran Infantry Weapons Level 1  
  43  5:56  SCV x2  
  45  5:59  Supply Depot  
  45  6:05  Starport Reactor  
  45  6:08  Stimpack, SCV x2  
  45  6:13  Marine x3  
  48  6:20  SCV x2  
  50  6:27  Refinery  
  50  6:30  Combat Shields  
  50  6:31  Widow Mine x2  
  50  6:32  SCV x2  
  56  6:34  Marine  
  56  6:35  Marine  
  56  6:37  Supply Depot  
  59  6:44  SCV x2  
  61  6:48  Marauder  
  61  6:54  Supply Depot  
  62  6:55  Supply Depot  
  62  6:58  SCV  
  62  7:06  Marine x2  
  62  7:07  SCV, Marauder  
  62  7:08  Medivac  
  69  7:09  Medivac  
  69  7:10  Widow Mine  
  69  7:12  Widow Mine  
  70  7:17  SCV  
  70  7:19  SCV  
  71  7:29  SCV, Marine  
  76  7:30  Marine, Marauder x2  
  76  7:31  SCV  
  78  7:38  Supply Depot  
  78  7:40  Medivac x2  
  78  7:41  SCV  
  78  7:43  SCV  
  85  7:49  Refinery  
  85  7:50  Supply Depot  
  85  7:56  SCV  
  85  7:57  SCV  
  85  7:59  Widow Mine x2  
  85  8:00  Marine x2  
  85  8:03  Marauder  
  93  8:06  Liberator  
  93  8:08  Terran Infantry Armor Level 1  
  93  8:12  SCV, Marauder  
  96  8:14  Supply Depot, SCV  
  96  8:18  Supply Depot  
  97  8:24  SCV  
  97  8:26  SCV  
  102  8:27  Liberator  
  102  8:35  Marine x2  
  102  8:36  Marauder x2  
  102  8:38  Widow Mine  
  102  8:39  Widow Mine  
  106  8:47  SCV x2  
  106  8:55  Supply Depot  
  105  8:57  Liberator, Marauder x2  
  105  9:01  Marine x2  
  111  9:16  Widow Mine x2  
  112  9:23  Command Center  
  109  9:29  Marauder x2  
  112  9:33  Marine x2  
  106  9:44  Barracks  
  106  9:45  Barracks  
  106  9:48  Liberator  
  106  9:50  Marine x2  
  106  9:51  Liberator, Marauder x2  
  112  9:57  Widow Mine x2  
  112  10:01  SCV x2  
  120  10:18  SCV x2  
  120  10:25  Marauder  
  120  10:26  Marauder  
  120  10:28  Marine x2  
  113  10:38  Barracks Tech Lab, Barracks Reactor, Widow Mine, Orbital Command  
  113  10:39  Widow Mine  
  113  10:42  SCV  
  118  10:44  SCV  
  118  10:49  Marauder  
  121  10:50  Marauder  
  121  10:53  Marine x2  
  125  11:05  Liberator  
  125  11:06  Marauder  
  125  11:10  Marauder, Widow Mine x2  
  133  11:12  Liberator, Marauder  
  133  11:15  Supply Depot x2, Missile Turret, Marine x2  
  133  11:17  Missile Turret  
  133  11:18  Marine x2  
  138  11:39  Marine x4, Marauder x3  
  142  11:41  Widow Mine x2  
  142  11:42  Supply Depot  
  142  11:45  Refinery  
  142  11:46  Refinery  
  146  11:47  Missile Turret, SCV x3  
  149  12:06  Medivac  
  149  12:08  Marine x4, Marauder x3  
  154  12:12  Medivac  
  130  12:20  Widow Mine  
  130  12:21  Widow Mine  
  126  12:29  Marine x4, Marauder x3  
  128  12:36  Medivac  
  131  12:39  Command Center  
  131  12:42  Engineering Bay, Medivac, Armory  
  133  12:48  Marine x4  
  135  12:55  Starport  
  135  12:57  Factory Tech Lab  
  131  13:03  Sensor Tower  
  137  13:05  Marauder x2  
  137  13:06  Marauder  
  137  13:07  Marine  
  137  13:08  Marine x2  
  137  13:09  Marine  
  141  13:14  Medivac  
  141  13:15  Medivac  
  145  13:20  Liberator  
  145  13:22  SCV x3  
  148  13:32  Terran Infantry Weapons Level 2, Terran Infantry Armor Level 2  
  148  13:33  Terran Ship Weapons Level 1  
  151  13:41  Fusion Core  
  151  13:43  SCV, Marauder x3  
  151  13:44  SCV x2  
  160  13:50  Marine  
  160  13:51  Marine x3  
  164  13:55  SCV  
  164  13:56  SCV x2  
  164  14:00  Liberator  
  166  14:04  Marauder x3  
  166  14:07  Liberator  
  172  14:10  Missile Turret  
  172  14:13  SCV x3  
  172  14:16  Supply Depot  
  175  14:18  Supply Depot  
  175  14:21  Liberator  
  179  14:32  Advanced Ballistics  
  179  14:33  Supply Depot  
  179  14:35  Planetary Fortress  
  182  14:38  Missile Turret  
  182  14:40  Refinery  
  182  14:41  Refinery  
  182  14:43  Marauder x2  
  182  14:44  Marauder  
  182  14:45  Liberator  
  188  14:47  Marine x3  
  188  14:48  Marine  
  190  15:06  Marine, Marauder x2  
  190  15:07  Marauder  
  200  15:18  Command Center  
  200  15:20  Barracks  
  198  15:21  Barracks  
  198  15:22  Barracks  
  198  15:31  Liberator  
  190  16:05  Marauder x3  
  190  16:06  Marine  
  190  16:07  Marine  
  197  16:12  Marine  
  197  16:13  Barracks Tech Lab x2, Marine  
  197  16:14  Barracks Reactor  
Tags
 
Add a new tag
Caveats
  • Supply blocks, unpowered buildings, or Contaminate may cause inaccurate times.
  • Supply counts are checked every 10 seconds.